 Dungeon Crawl Stone Soup version 0.24-a0-244-ga6a6ab7d13 (webtiles) character file.

Game seed: 9908554172487193988

28 Redear the Grasshopper (level 3, 0/18 HPs)
             Began as a Vine Stalker Warper on Apr 10, 2019.
             Was an Initiate of Cheibriados.
             Succumbed to an adder's poison
             ... on level 2 of the Dungeon.
             The game lasted 00:01:36 (755 turns).

Redear the Grasshopper (Vine Stalker Warper)         Turns: 755, Time: 00:01:37

Health: 0/18       AC:  3    Str: 20    XL:     3   Next: 12%
Magic:  3/7        EV: 12    Int: 14    God:    Cheibriados [......]
Gold:   57         SH:  0    Dex: 14    Spells: 6/6 levels left

rFire    . . .     SeeInvis .   d - +0 dagger
rCold    . . .     Gourm    .   (no shield)
rNeg     . . .     Faith    .   b - +0 leather armour
rPois    .         Spirit   +   (no helmet)
rElec    .         Reflect  .   (no cloak)
rCorr    .         Harm     .   (no gloves)
MR       .....                  (no boots)
Stlth    +.........             (no amulet)
HPRegen  0.06/turn              (no ring)
MPRegen  0.10/turn              (no ring)

@: mighty, lethally poisoned (0 -> -4), very slow
A: fangs 2, magic shield, antimagic bite, no potion heal 3, rot immunity
a: Bend Time, Renounce Religion


You were on level 2 of the Dungeon.
You worshipped Cheibriados.
Cheibriados was noncommittal.
You were not hungry.

You visited 1 branch of the dungeon, and saw 2 of its levels.

You collected 57 gold pieces.

Inventory:

Hand Weapons
 a - a +0 falchion
 d - a +0 dagger (weapon)
Missiles
 c - 36 arrows
 e - 5 tomahawks of dispersal (quivered)
 g - 8 stones
Armour
 b - a +0 leather armour (worn)
Scrolls
 f - 3 scrolls of immolation {unknown}
 B - a scroll of blinking {@r4}
Potions
 h - a potion of might {Str+5 DMG+1d10 | @q3}
Comestibles
 z - 2 rations


   Skills:
 + Level 2.3 Fighting
 + Level 2.3 Long Blades
 - Level 0.8 Throwing
 - Level 0.7 Armour
 + Level 2.1 Dodging
 - Level 2.1 Spellcasting
   Level 3.0 Translocations


You had 6 spell levels left.
You didn't know any spells.
Your spell library contained the following spells:

 Spells                   Type           Power        Failure   Level  Hunger
 Blink                    Tloc           N/A          12%         2    ###....
 Shroud of Golubria       Chrm/Tloc      #.........   22%         2    ###....
 Gell's Gravitas          Tloc           #.........   24%         3    ###....
 Lesser Beckoning         Tloc           #.........   24%         3    ###....
 Teleport Other           Tloc           #.......     24%         3    ###....
 Passage of Golubria      Tloc           N/A          63%         4    #####..


Dungeon Overview and Level Annotations

Branches:
Dungeon (2/15)

Altars:
Cheibriados
Hepliaklqana
Wu Jian


Innate Abilities, Weirdness & Mutations

You have extremely sharp teeth.
When hurt, damage is shared between your health and your magic reserves.
Your bite disrupts and absorbs the magic of your enemies.
Potions cannot restore your health.
You are immune to rotting.


Message History

You feel sick. The adder misses you. The adder closely misses you.
You take 1 damage, and have 3/15 hp.
You hit the adder.
You kill the adder!
Cheibriados thoroughly appreciates the change of pace.
You have reached level 3!
Your experience leads to an increase in your attributes!
Your base attributes are Str 13, Int 13, Dex 13.
Increase (S)trength, (I)ntelligence, or (D)exterity?
You feel stronger.
* * * LOW HITPOINT WARNING * * *
You feel sick.
* * * LOW HITPOINT WARNING * * *
You feel sick.
You take 1 damage, and have 2/18 hp.
Okay, then.
* * * LOW HITPOINT WARNING * * *
You feel sick.
You take 1 damage, and have 1/18 hp.
You die...

.###.# #...#
♣.♣♣ .#
#.###.###
♣♣.♣
.###.##...##
♣..♣
.≈.).#.....##
♣.♣♣
.....#......#
♣.♣♣
≈≈≈≈.#......#
♣..♣
≈≈≈..##...#)#
♣♣.♣
≈≈≈....######
♣.♣ ≈≈≈≈.#.#
♣@♣ ≈≈≈≈.#.#
♣.♣ ≈≈≈.≈#.#
♣.♣ ≈≈≈.≈#.#
♣.. ≈≈≈.≈#.#
♣?. ≈≈≈≈≈#.#
.... ≈≈.≈.#.#
..♣♣
≈..≈.#.#####
♣♣♣
.#####.#.>.#


There were no monsters in sight!

Vanquished Creatures
  An adder (D:2)
  3 hobgoblins (D:2)
  3 jackals (D:2)
  3 kobolds (D:2)
  A bat (D:1)
  2 frilled lizards (D:2)
  3 goblins (D:2)
  A rat (D:2)
17 creatures vanquished.

Notes
Turn   | Place    | Note
-------+----------+-------------------------------------------
     0 | D:1      | Redear the Vine Stalker Warper began the quest for the Orb.
     0 | D:1      | Reached XP level 1. HP: 11/11 MP: 4/4
    34 | D:1      | You fall through a shaft!
    34 | D:2      | Found a faded altar of an unknown god.
    61 | D:2      | Found a snail-covered altar of Cheibriados.
    64 | D:2      | Found an ornate altar of the Wu Jian Council.
    66 | D:2      | Found a hazy altar of Hepliaklqana.
    70 | D:2      | Became a worshipper of Cheibriados the Contemplative
    96 | D:2      | Reached skill level 2 in Fighting
    96 | D:2      | Reached skill level 2 in Long Blades
   206 | D:2      | Reached XP level 2. HP: 14/15 MP: 6/6
   289 | D:2      | Reached skill level 2 in Dodging
   750 | D:2      | Reached XP level 3. HP: 4/18 MP: 2/7
   754 | D:2      | HP: 1/18 [poisoned by an adder]
   755 | D:2      | Succumbed to an adder's poison

Levels and vault maps discovered:
D:1:      evilmike_arrival_run_for_it, layout_rooms
D:2:      kb_forest_paths, layout_loops_ring,
          gammafunk_temple_overflow_forgotten, first_ration,
          chequers_ecumenical_altar_island, minmay_misc_feat_enclosed,
          minmay_strange_pillars, chequers_serial_rivers_micro_e

Skill      XL: |  1  2 |
---------------+-------+-----
Fighting       | 2 |  2.3
Long Blades    | 2 |  2.3
Dodging        | 2 |  2.1
Throwing       | |  0.8
Armour         | |  0.7
Spellcasting   | |  2.1
Translocations | |  3.0

Action                   || total
-------------------------++-------
Melee: Falchion          ||    21
       Bite              ||    14
       Dagger            ||    52
  Use: Potion            ||     1
Armor: Leather armour    ||    25
Dodge: Dodged            ||    62
       Rpst.: Falchion   ||     9

Table legend:
 A = Non-vault XP
 B = Vault XP
 C = Vault XP percentage of total XP
 D = Non-vault monster count
 E = Vault monster count
 F = Vault count percentage of total count
                 A         B        C        D         E       F
            +---------+---------+-------+---------+---------+-------
      Total |      27 |      13 |  32.5 |      16 |       1 |   5.9
            +---------+---------+-------+---------+---------+-------
        D:1 |       1 |       0 |   0.0 |       1 |       0 |   0.0
        D:2 |      26 |      13 |  33.3 |      15 |       1 |   6.2
            +---------+---------+-------+---------+---------+-------
